 Dungeon Crawl Stone Soup version 0.28-a0-1638-g9123634e07 (webtiles) character file.

Game seed: 16381724410986736139

581 hashsling the Magician (level 7, 0/36 HPs)
             Began as a Deep Elf Hedge Wizard on Jan 25, 2022.
             Killed by divine providence
             ... invoked by an orc priest
              (12 damage)
             ... on level 5 of the Dungeon.
             The game lasted 00:20:59 (5430 turns).

hashsling the Magician (Deep Elf Hedge Wizard)      Turns: 5430, Time: 00:21:00

Health: 0/36       AC:  3    Str:  7    XL:     7   Next: 14%
Magic:  12/18      EV: 14    Int: 21    God:
Gold:   190        SH:  0    Dex: 14    Spells: 8/18 levels left

rFire   + . .      SeeInvis +   r - +1 morningstar
rCold   x . .      Faith    .   e - orb {*Rage}
rNeg    . . .      Spirit   .   b - +0 robe
rPois   .          Reflect  .   c - +0 hat
rElec   .          Harm     .   u - +0 cloak
rCorr   .          Rampage  .   (no gloves)
Will    .....      Rage     20% (no boots)
Stlth   ++........              (no amulet)
HPRegen 0.12/turn               d - ring of fire
MPRegen 0.16/turn               j - ring of see invisible

@: no status effects
A: no striking features
a: no special abilities


You were on level 5 of the Dungeon.
You visited 1 branch of the dungeon, and saw 5 of its levels.

You collected 190 gold pieces.

Inventory:

Hand Weapons
 a - a +0 dagger
 p - a +0 spear
 r - a +1 morningstar (weapon)
Armour
 b - a +0 robe (worn)
 c - a +0 hat (worn)
 e - an orb of wrath (worn)
 u - a +0 cloak (worn)
Jewellery
 d - a ring of fire (left hand)
 j - a ring of see invisible (right hand)
Wands
 n - a wand of iceblast (5)
 o - a wand of flame (9)
Scrolls
 f - a scroll of vulnerability
 k - 2 scrolls of identify {unknown}
 m - 3 scrolls of immolation {unknown}
 q - a scroll of magic mapping {unknown}
 s - 2 scrolls of teleportation
Potions
 g - 3 potions of might {unknown}
 h - 2 potions of heal wounds {unknown}
 i - 2 potions of attraction {unknown}
 l - a potion of flight {unknown}
 t - a potion of haste {unknown}
 v - 2 potions of berserk rage {unknown}


   Skills:
 * Level 4.8 Dodging
 - Level 3.0 Stealth
 * Level 6.3 Spellcasting
 + Level 3.0 Conjurations
 + Level 2.8 Hexes
 + Level 3.0 Summonings
 + Level 2.9 Translocations
 - Level 2.0 Fire Magic


You had 8 spell levels left.
You knew the following spells:

 Your Spells              Type           Power      Damage    Failure   Level
a - Magic Dart            Conj           76%        1d6       2%          1
b - Blink                 Tloc           38%        N/A       4%          2
c - Call Imp              Summ           19%        N/A       4%          2
d - Slow                  Hex            72%        N/A       3%          1
e - Summon Small Mammal   Summ           76%        N/A       2%          1
f - Conjure Flame         Conj/Fire      25%        6-21      10%         3

Your spell library contained the following spells:

 Spells                   Type           Power      Damage    Failure   Level
 Mephitic Cloud           Conj/Pois/Air  10%        N/A       19%         3


Dungeon Overview and Level Annotations

Branches:
Dungeon (5/15)
 Temple: D:4-7

Altars:

Shops:
D:1 :   D:4 =


Message History

The magic dart hits the white imp but does no damage.
The white imp is moderately wounded.
The white imp gestures at you. The puff of frost hits you!
You feel a terrible chill! The orc wizard casts a spell at you.
The puff of flame hits you. You resist.
Casting: Magic Dart (safe; 2% risk of failure)
Confirm with . or Enter, or press ? or * to list all spells.
A metallic apparition takes form in the air.
The magic dart hits the white imp.
The white imp is moderately wounded.
The magic dart hits the white imp.
The white imp is severely wounded.
The magic dart hits the white imp.
The white imp is almost dead.
An orc comes into view. It is wielding a +0 hand axe.
You closely miss the white imp.
The white imp is almost dead.
The white imp gestures at you. The puff of frost hits you!
You feel a terrible chill!
An orc priest comes into view. It is wielding a +0 dagger.
The white imp hits you. The white imp freezes you.
You feel a terrible chill!
Your magical contamination has completely faded away.
The white imp hits your iron imp. The white imp freezes your iron imp.
Your iron imp resists.
Your iron imp hits the white imp!
The white imp dies!
Your Summonings skill increases to level 3!
The orc wizard barely misses your iron imp.
Your iron imp closely misses the orc wizard.
The orc wizard hits your iron imp with a +0 dagger.
Your iron imp misses the orc wizard.
The orc wizard points at you and mumbles some strange words.
Your iron imp resists with significant effort.
Your iron imp hits the orc wizard!
The orc wizard hits your iron imp but does no damage.
Your iron imp hits the orc wizard.
The orc priest invokes the aid of Beogh against you.
Beogh smites you!
You die...

#############
##.....#.....##
########.............##
......................#
..#####...............#
#...............#
#...............#
...#####@..........)<..#
....ooo5..(............#
...######.............##
#......#.....##
....########.### .####
#.# # #.# #.


You could see an orc priest, an orc wizard (ally target), an orc and a friendly
iron imp (summoned).

Vanquished Creatures
  An ogre (D:5)
  A scorpion (D:3)
  Terence (D:3)
  Natasha (thrice) (D:4)
  3 orc wizards (D:4)
  A gnoll (D:3)
  4 adders
  An adder skeleton (D:4)
  A dart slug (D:4)
  12 orcs
  2 ball pythons (D:2)
  7 endoplasms
  2 giant cockroaches (D:1)
  A goblin (D:2)
  7 hobgoblins
  2 jackals (D:1)
  3 quokkas (D:4)
  6 bats
  A frilled lizard (D:3)
  6 kobolds
  7 rats
72 creatures vanquished.

Vanquished Creatures (collateral kills)
  A scorpion (D:4)
  An orc priest (D:4)
  2 gnolls (D:3)
  A white imp (D:5)
  An orc (D:4)
  3 hobgoblins
  5 jackals
  2 kobolds
  2 quokkas
18 creatures vanquished.

Vanquished Creatures (others)
  An orc (D:4)
  A fungus (D:3)
  2 plants (D:3)
4 creatures vanquished.

Grand Total: 94 creatures vanquished

Notes
Turn   | Place    | Note
-------+----------+-------------------------------------------
     0 | D:1      | hashsling the Deep Elf Hedge Wizard began the quest for the
                  | Orb.
     0 | D:1      | Reached XP level 1. HP: 10/10 MP: 7/7
    93 | D:1      | Learned a level 1 spell: Slow
   625 | D:1      | Reached XP level 2. HP: 14/15 MP: 9/9
   628 | D:1      | Learned a level 2 spell: Blink
   631 | D:1      | Learned a level 2 spell: Call Imp
   760 | D:1      | Found Qatyrane's Book Shop.
  1559 | D:1      | Reached XP level 3. HP: 19/19 MP: 9/11
  1912 | D:2      | Reached skill level 1 in Hexes
  2831 | D:3      | Learned a level 3 spell: Conjure Flame
  2922 | D:3      | Found a faded altar of an unknown god.
  2930 | D:3      | Got Plato's Reference Book on the Escort
  2933 | D:3      | Learned a level 1 spell: Summon Small Mammal
  2941 | D:3      | Reached skill level 5 in Spellcasting
  2941 | D:3      | Reached XP level 4. HP: 24/24 MP: 4/13
  2990 | D:3      | Noticed Terence
  2993 | D:3      | Killed Terence
  3686 | D:4      | Noticed a scorpion
  3758 | D:3      | Killed a scorpion
  3759 | D:3      | Reached XP level 5. HP: 22/28 MP: 4/14
  3806 | D:4      | Noticed Natasha
  3994 | D:4      | Killed Natasha
  3995 | D:4      | Reached skill level 1 in Fire Magic
  4115 | D:4      | Noticed Natasha
  4117 | D:4      | Reached XP level 6. HP: 24/32 MP: 5/16
  4204 | D:4      | Killed Natasha
  4649 | D:4      | Found Cueref's Jewellery Shoppe.
  4670 | D:4      | Reached skill level 6 in Spellcasting
  5107 | D:4      | Noticed Natasha
  5113 | D:4      | Killed Natasha
  5361 | D:5      | Entered Level 5 of the Dungeon
  5369 | D:5      | Reached XP level 7. HP: 36/36 MP: 12/18
  5430 | D:5      | Killed from afar by an orc priest

Illustrated notes

Levels and vault maps discovered:
D:1:      tarquinn_simple_flora_water_b, layout_basic, serial_shops,
          nicolae_square_shop
D:2:      layout_rooms
D:3:      layout_basic, shapermc_ecumenical_altar_rom_forum,
          chequers_serial_rivers_micro_c, uniq_terence
D:4:      layout_basic, serial_shops, nicolae_shop_advertising_works
          [nicolae_subvault_shop_adworks], portal_sewer_entry_d,
          minmay_fractal_squares_gapless_5, uniq_natasha
D:5:      layout_rooms

Skill      XL: |  1  2  3  4  5  6  7 |
---------------+----------------------+-----
Dodging        | 3 4 |  4.8
Hexes          | 1 2 |  2.8
Spellcasting   | 5 6 |  6.3
Conjurations   | 2 3 |  3.0
Stealth        | 3 |  3.0
Summonings     | 2 3 |  3.0
Translocations | 2 |  2.9
Fire Magic     | 1 2 |  2.0

Action                   |  1- 3 |  4- 6 |  7- 9 || total
-------------------------+-------+-------+-------++-------
Melee: Dagger            |    74 |     1 |       ||    75
       Punch             |     1 |       |       ||     1
       Spear             |       |     5 |       ||     5
       Morningstar       |       |    34 |     1 ||    35
 Cast: Magic Dart        |    93 |    91 |     5 ||   189
       Call Imp          |     4 |     7 |     1 ||    12
       Blink             |     1 |     3 |       ||     4
       Summon Small Mamm |     2 |     8 |       ||    10
       Slow              |     1 |     2 |       ||     3
       Conjure Flame     |       |     1 |       ||     1
Evoke: Wand              |       |     6 |       ||     6
  Use: Scroll            |       |     5 |       ||     5
 Stab: Sleeping          |       |     1 |       ||     1
Armor: Robe              |    15 |     3 |       ||    18
Dodge: Dodged            |    53 |    48 |       ||   101

Table legend: (Time is in decaauts)
 A = Elapsed time spent in this place.
 B = Non-inter-level travel time spent in this place.
 C = Inter-level travel time spent in this place.
 D = Time resting spent in this place.
 E = Time spent auto-exploring this place.
 F = Levels seen in this place.
 G = Mean time per level.
                   A        B        C        D        E       F      G
               +--------+--------+--------+--------+--------+-----+--------+
         Total |   5470 |   5327 |    143 |    292 |   4289 |   5 | 1094.0 |
       Dungeon |   5470 |   5327 |    143 |    292 |   4289 |   5 | 1094.0 |
               +--------+--------+--------+--------+--------+-----+--------+

Top non-repeatable levels by time:
     D:1: 1734 daAuts
     D:3: 1561 daAuts
     D:4: 1395 daAuts
     D:2: 700 daAuts
     D:5: 79 daAuts
